 Dungeon Sprint DCSS version 0.29.1-4-g47bece8355 (webtiles) character file.

Game seed: 2998009502913683715

42343 boopmooplesden the Swordmaster (level 13, -6/157 HPs)
             Began as a Minotaur Berserker on Dec 11, 2022.
             Was the Champion of Trog.
             Succumbed to Rupert's poison
             ... in the Dungeon (Sprint IX: "|||||||||||||||||||||||||||||").
             The game lasted 00:10:26 (5141 turns).

boopmooplesden the Swordmaster (Minotaur Berserker) Turns: 5141, Time: 00:10:26

Health: -6/157     AC: 34    Str: 27    XL:     13   Next: 84%
Magic:  12/12      EV: 12    Int:  9    God:    Trog [******]
Gold:   820        SH:  0    Dex:  6    Spells: 12/12 levels left

rFire   + . .      SeeInvis .   v - +6 triple sword (flame)
rCold   + . .      Faith    .   (shield currently unavailable)
rNeg    . . .      Spirit   .   D - +5 plate armour {rF+}
rPois   .          Reflect  .   (helmet restricted)
rElec   .          Harm     .   I - +2 cloak
rCorr   .          Rampage  .   H - +2 pair of gloves
Will    .....      NoTele   +   A - +1 pair of boots
Stlth   ..........              (no amulet)
HPRegen 0.36/turn               n - +2 ring of evasion
MPRegen 0.13/turn               C - ring "Meidghod" {rC+ Int+5 Dex-4}

@: lethally poisoned (-6 -> -44), on berserk cooldown, slowed, very slow
A: horns 2, retaliatory headbutt
a: Renounce Religion, Berserk, Trog's Hand, Brothers in Arms


You were in the Dungeon.
You worshipped Trog.
Trog was exalted by your worship.
You visited 1 branch You collected 1929 gold pieces.
You spent 1109 gold pieces at shops.

Inventory:

Hand Weapons
 a - a +0 falchion
 b - a +4 antimagic demon blade
 d - a +4 scimitar of flaming
 k - a +2 vorpal scimitar
 v - a +6 triple sword of flaming (weapon)
 w - the +7 falchion "Unyttao" {vorpal, rC+}
   (Trog gifted it to you in the Dungeon)

   It inflicts extra damage upon your enemies.
   rC:        It protects you from cold.
 x - a +3 great sword of flaming
 B - the +9 long sword of Wealth {vorpal, Str+5}
   (Trog gifted it to you in the Dungeon)

   It inflicts extra damage upon your enemies.
   Str:       It affects your strength (+5).
Armour
 A - a +1 pair of boots (worn)
 D - a +5 plate armour of fire resistance (worn)
 H - a +2 pair of gloves (worn)
 I - a +2 cloak (worn)
Jewellery
 m - a +3 ring of intelligence
 n - a +2 ring of evasion (left hand)
 y - a ring of magical power
 z - a ring of ice
 C - the ring "Meidghod" (right hand) {rC+ Int+5 Dex-4}
   (You bought it in a shop in the Dungeon)

   [ring of protection from cold]

   Int:       It affects your intelligence (+5).
   Dex:       It affects your dexterity (-4).
   rC:        It protects you from cold.
 E - a ring of ice
 F - a ring of see invisible
 G - a ring of protection from fire
Wands
 j - a wand of iceblast (10)
 l - a wand of paralysis (11)
Scrolls
 h - 2 scrolls of blinking
 s - 2 scrolls of butterflies
 t - 2 scrolls of fear
 u - a scroll of identify
Potions
 c - 8 potions of curing
 e - 3 potions of haste
 f - 4 potions of magic
 g - 2 potions of berserk rage
 i - a potion of invisibility
 o - a potion of heal wounds
 p - a potion of resistance
Miscellaneous
 r - a tin of tremorstones (2/2)


   Skills:
 + Level 26.9 Fighting
 O Level 27 Long Blades
 + Level 18.7 Armour
 + Level 12.8 Dodging
 + Level 4.1 Stealth


You had 12 spell levels left.
You didn't know any spells.
Your spell library was empty.

Dungeon Overview and Level Annotations

Branches:
Dungeon (1/1)

Altars:
Cheibriados
Dithmenos
Elyvilon
Fedhas
Gozag
Hepliaklqana
Kikubaaqudgha
Makhleb
Nemelex Xobeh
Okawaru
Qazlal
Ru
Sif Muna
Trog
Uskayaw
Vehumet
Wu Jian
Xom
Yredelemnul
Zin
The Shining One
Jiyva
Lugonu

Shops:
D ![*[


Innate Abilities, Weirdness & Mutations

You have a pair of horns on your head.
You reflexively headbutt those who attack you in melee.


Message History

You are more poisoned.
You barely miss Rupert.
Rupert is heavily wounded.
You feel very sick.
You slice Rupert!! You burn Rupert! You headbutt Rupert!!
Rupert is severely wounded.
You feel very sick.
Rupert hits you with a +4 battleaxe of venom!
* * * LOW HITPOINT WARNING * * *
You are lethally poisoned!
You slash Rupert! You burn Rupert. You headbutt Rupert!
Rupert is almost dead.
* * * LOW HITPOINT WARNING * * *
You feel very sick.
Rupert hits you with a +4 battleaxe of venom!
* * * LOW HITPOINT WARNING * * *
You are more poisoned.
You slice Rupert!! You burn Rupert. You headbutt Rupert.
You kill Rupert!
Trog accepts your kill.
* * * LOW HITPOINT WARNING * * *
You feel extremely sick.
* * * LOW HITPOINT WARNING * * *
You feel extremely sick.
Things that are here:
a +4 battleaxe of venom; a +0 ring mail; the human corpse of Rupert You feel a strong urge to attack something.
* * * LOW HITPOINT WARNING * * *
You feel extremely sick.
Okay, then.
You are too berserk!
* * * LOW HITPOINT WARNING * * *
You feel extremely sick.
Things that are here:
a +4 battleaxe of venom; a +0 ring mail; the human corpse of Rupert Unknown command.
You feel your anger nearly subside.
You are no longer berserk.
You are exhausted.
You feel yourself slow down.
You die...

▓.........'.....∩.∩)∩.∩..)[[
▓.▓▓▓▓▓▓▓▓▓▓▓▓▓▓▓▓▓▓▓▓▓▓▓▓▓▓
▓...........................
▓▓▓▓▓▓▓▓▓▓▓▓▓▓▓▓▓▓▓▓▓▓▓▓▓▓▓▓
▓.........'..........())))÷.
▓.▓▓▓▓▓▓▓▓▓▓▓▓▓▓▓▓▓▓▓▓▓▓▓▓▓▓
▓..........................)
▓▓▓▓▓▓▓▓▓▓▓▓▓▓▓▓▓▓▓▓▓▓▓▓♣♣♣♣
▓.........)@.'.........)....
▓.▓▓▓▓▓▓▓▓▓▓▓▓▓▓▓▓▓▓▓▓▓▓♣♣♣♣


There were no monsters in sight!

Vanquished Creatures
  Rupert (D)
  Aizul (D)
  A stone giant (D)
  An eleionoma (D)
  A merfolk impaler (D)
  A boulder beetle (D)
  2 hydras (D)
  Erica (D)
  5 ogre magi (D)
  2 anacondas (D)
  2 centaur warriors (D)
  An alligator (D)
  2 death yaks (D)
  2 tengu warriors (D)
  A naga sharpshooter (D)
  2 shock serpents (D)
  An iron troll (D)
  A pharaoh ant (D)
  2 sea snakes (D)
  A steelbarb worm (D)
  6 deep trolls (D)
  A spriggan druid (D)
  2 swamp dragons (D)
  2 orb spiders (D)
  2 orc knights (D)
  A wolf spider (D)
  A will-o-the-wisp (D)
  2 ugly things (D)
  A moth of wrath (D)
  2 merfolk sirens (D)
  Maurice (D)
  A torpor snail (D)
  2 black mambas (D)
  2 cane toads (D)
  A naga mage (D)
  2 gargoyles (D)
  A demonic crawler (D)
  2 komodo dragons (D)
  An efreet (D)
  A troll (D)
  2 merfolk (D)
  A tyrant leech (D)
  4 blink frogs (D)
  A tarantella (D)
  A snapping turtle (D)
  A dream sheep (D)
  A shadow (D)
  2 yaks (D)
  A wyvern (D)
  A water elemental (D)
  2 basilisks (D)
  2 redbacks (D)
  A naga (D)
  A vampire mosquito (D)
  9 orc warriors (D)
  5 water moccasins (D)
  An ogre (D)
  2 bullfrogs (D)
  A necrophage (D)
  A killer bee (D)
  3 howler monkeys (D)
  An orc priest (D)
  3 orc wizards (D)
  14 orcs (D)
  An endoplasm (D)
  2 goblins (D)
  A kobold (D)
  A rat (D)
131 creatures vanquished.

Vanquished Creatures (collateral kills)
  2 stone giants (D)
  A fire dragon (D)
  A boulder beetle (D)
  2 ice dragons (D)
  A centaur warrior (D)
  An orc knight (D)
  A cyclops (D)
9 creatures vanquished.

Vanquished Creatures (others)
  A will-o-the-wisp (D)
  A bloated husk (D)
2 creatures vanquished.

Grand Total: 142 creatures vanquished

Notes
Turn   | Place    | Note
-------+----------+-------------------------------------------
     0 | D        | boopmooplesden the Minotaur Berserker began the quest for
                  | the Orb.
     0 | D        | Reached XP level 1. HP: 19/19 MP: 0/0
     3 | D        | Banished a spatial maelstrom
    10 | D        | Reached skill level 4 in Long Blades
    10 | D        | Reached ** piety under Trog
   277 | D        | Noticed a necrophage
   277 | D        | Noticed an ogre
   282 | D        | Killed an ogre
   282 | D        | Reached *** piety under Trog
   283 | D        | Reached skill level 7 in Long Blades
   283 | D        | Reached XP level 2. HP: 34/34 MP: 1/1
   283 | D        | Reached XP level 3. HP: 39/39 MP: 2/2
   283 | D        | Reached XP level 4. HP: 47/47 MP: 3/3
   292 | D        | Killed a necrophage
   293 | D        | Reached skill level 8 in Long Blades
   293 | D        | Reached XP level 5. HP: 53/53 MP: 4/4
   331 | D        | Found a snail-covered altar of Cheibriados.
   331 | D        | Found a shadowy altar of Dithmenos.
   331 | D        | Found a white marble altar of Elyvilon.
   331 | D        | Found a blossoming altar of Fedhas.
   331 | D        | Found an opulent altar of Gozag.
   332 | D        | Found a hazy altar of Hepliaklqana.
   333 | D        | Found a viscous altar of Jiyva.
   334 | D        | Found an ancient bone altar of Kikubaaqudgha.
   335 | D        | Found a corrupted altar of Lugonu.
   336 | D        | Found a burning altar of Makhleb.
   337 | D        | Found a sparkling altar of Nemelex Xobeh.
   338 | D        | Found an iron altar of Okawaru.
   339 | D        | Found a stormy altar of Qazlal.
   340 | D        | Found a sacrificial altar of Ru.
   341 | D        | Found a shimmering blue altar of Sif Muna.
   342 | D        | Found a bloodstained altar of Trog.
   343 | D        | Found a hide-covered altar of Uskayaw.
   344 | D        | Found a radiant altar of Vehumet.
   345 | D        | Found an ornate altar of the Wu Jian Council.
   346 | D        | Found a shimmering altar of Xom.
   347 | D        | Found a basalt altar of Yredelemnul.
   348 | D        | Found a glowing silver altar of Zin.
   349 | D        | Found a glowing golden altar of the Shining One.
   387 | D        | Noticed a shadow
   387 | D        | Noticed an orc warrior
   387 | D        | Noticed a gargoyle
   392 | D        | Killed a gargoyle
   392 | D        | Reached **** piety under Trog
   393 | D        | Reached skill level 10 in Fighting
   393 | D        | Reached skill level 11 in Long Blades
   393 | D        | Reached skill level 5 in Armour
   393 | D        | Reached XP level 6. HP: 67/67 MP: 5/5
   401 | D        | Reached skill level 12 in Long Blades
   404 | D        | Reached XP level 7. HP: 74/74 MP: 6/6
   418 | D        | Killed a shadow
   418 | D        | Reached ***** piety under Trog
   419 | D        | Reached skill level 13 in Long Blades
   642 | D        | Noticed a centaur warrior
   642 | D        | Noticed an efreet
   642 | D        | Noticed a boulder beetle
   642 | D        | Noticed a tengu warrior
   642 | D        | Noticed a gargoyle
   648 | D        | Killed a gargoyle
   649 | D        | Reached skill level 14 in Long Blades
   649 | D        | Reached XP level 8. HP: 85/85 MP: 7/7
   656 | D        | Killed a tengu warrior
   657 | D        | Reached skill level 15 in Long Blades
   665 | D        | Killed an efreet
   675 | D        | Killed a centaur warrior
   676 | D        | Reached skill level 16 in Long Blades
   676 | D        | Reached XP level 9. HP: 20/96 MP: 8/8
   680 | D        | Killed a boulder beetle
   681 | D        | Reached skill level 15 in Fighting
  1150 | D        | Noticed a komodo dragon
  1155 | D        | Received a gift from Trog
  1156 | D        | Reached skill level 10 in Dodging
  1160 | D        | Reached skill level 17 in Long Blades
  1163 | D        | Killed a komodo dragon
  1164 | D        | Noticed a komodo dragon
  1172 | D        | Reached skill level 10 in Armour
  1172 | D        | Reached XP level 10. HP: 108/108 MP: 9/9
  1316 | D        | Noticed a death yak
  1316 | D        | Noticed a death yak
  1316 | D        | Noticed a cane toad
  1318 | D        | Identified the +7 falchion "Unyttao" {vorpal, rC+} (Trog
                  | gifted it to you in the Dungeon)
  1318 | D        | Received a gift from Trog
  1322 | D        | Killed a cane toad
  1323 | D        | Reached skill level 18 in Long Blades
  1324 | D        | Noticed a torpor snail
  1330 | D        | Killed a death yak
  1330 | D        | Reached ****** piety under Trog
  1332 | D        | Killed a death yak
  1333 | D        | Reached skill level 19 in Long Blades
  1337 | D        | Killed a torpor snail
  1342 | D        | Received a gift from Trog
  1579 | D        | Noticed a cane toad
  1583 | D        | Killed a cane toad
  1592 | D        | Reached skill level 20 in Long Blades
  1593 | D        | Received a gift from Trog
  1598 | D        | Reached XP level 11. HP: 119/119 MP: 10/10
  1854 | D        | Noticed Erica
  1864 | D        | Killed Erica
  1865 | D        | Reached skill level 1 in Stealth
  1922 | D        | Received a gift from Trog
  1931 | D        | Noticed an orc knight
  1942 | D        | Killed an orc knight
  1943 | D        | Reached skill level 21 in Long Blades
  1945 | D        | Received a gift from Trog
  1978 | D        | Noticed an orc knight
  1984 | D        | Killed an orc knight
  1986 | D        | Identified the +9 long sword of Wealth {vorpal, Str+5}
                  | (Trog gifted it to you in the Dungeon)
  1986 | D        | Received a gift from Trog
  2003 | D        | Received a gift from Trog
  2251 | D        | Found Gutots's Armour Boutique.
  2251 | D        | Noticed an ogre mage
  2251 | D        | Noticed an iron troll
  2251 | D        | Noticed an ogre mage
  2251 | D        | Noticed an ogre mage
  2251 | D        | Noticed a deep troll
  2254 | D        | Killed an ogre mage
  2255 | D        | Reached skill level 22 in Long Blades
  2256 | D        | Killed an ogre mage
  2259 | D        | Received a gift from Trog
  2260 | D        | Found Fotentye's General Store.
  2260 | D        | Noticed a deep troll
  2260 | D        | Noticed a deep troll
  2267 | D        | Killed an iron troll
  2272 | D        | Killed an ogre mage
  2276 | D        | Killed a deep troll
  2277 | D        | Reached skill level 23 in Long Blades
  2279 | D        | Killed a deep troll
  2282 | D        | Killed a deep troll
  2596 | D        | Found Nutiusya's Armour Boutique.
  2600 | D        | Found Ollafuze's Distillery.
  2602 | D        | Noticed a deep troll
  2602 | D        | Noticed a deep troll
  2603 | D        | Noticed an ogre mage
  2605 | D        | Noticed a deep troll
  2608 | D        | Killed a deep troll
  2611 | D        | Killed a deep troll
  2612 | D        | Reached XP level 12. HP: 134/134 MP: 11/11
  2612 | D        | Noticed an ogre mage
  2614 | D        | Killed an ogre mage
  2614 | D        | Received a gift from Trog
  2615 | D        | Reached skill level 24 in Long Blades
  2621 | D        | Paralysed by an ogre mage for 4 turns
  2625 | D        | Killed an ogre mage
  2646 | D        | Bought the ring "Meidghod" {rC+ Int+5 Dex-4} for 409 gold
                  | pieces
  2648 | D        | Bought a +4 plate armour of fire resistance for 700 gold
                  | pieces
  2831 | D        | Noticed a boulder beetle
  2831 | D        | Noticed a seven-headed hydra
  2831 | D        | Noticed a centaur warrior
  2833 | D        | Noticed a centaur warrior
  2836 | D        | Noticed a stone giant
  2838 | D        | Killed a centaur warrior
  2844 | D        | Killed a boulder beetle
  2845 | D        | Noticed an ice dragon
  2848 | D        | Received a gift from Trog
  2851 | D        | Killed a four-headed hydra
  2852 | D        | Reached skill level 25 in Long Blades
  2852 | D        | Noticed a stone giant
  2856 | D        | Killed a stone giant
  2856 | D        | Noticed an ice dragon
  2860 | D        | Noticed a fire dragon
  2865 | D        | Killed a centaur warrior
  2869 | D        | Killed an ice dragon
  2870 | D        | Killed a stone giant
  2870 | D        | Received a gift from Trog
  2870 | D        | Noticed a stone giant
  2872 | D        | Noticed a tengu warrior
  2872 | D        | Killed an ice dragon
  2873 | D        | Reached skill level 26 in Long Blades
  2874 | D        | Killed a fire dragon
  2877 | D        | Killed a stone giant
  2879 | D        | Killed a tengu warrior
  3197 | D        | Noticed Maurice
  3206 | D        | Killed Maurice
  3460 | D        | Noticed Aizul
  3475 | D        | Killed Aizul
  3476 | D        | Reached XP level 13. HP: 85/148 MP: 12/12
  3916 | D        | Received a gift from Trog
  3937 | D        | Reached skill level 15 in Armour
  3940 | D        | Reached skill level 27 in Long Blades
  4292 | D        | Noticed a merfolk impaler
  4300 | D        | Killed a merfolk impaler
  4300 | D        | Received a gift from Trog
  4318 | D        | Received a gift from Trog
  4689 | D        | Noticed an eleionoma
  4703 | D        | Killed an eleionoma
  4706 | D        | Received a gift from Trog
  4885 | D        | Received a gift from Trog
  5119 | D        | Noticed Rupert
  5122 | D        | Paralysed by Rupert for 4 turns
  5137 | D        | Killed Rupert
  5139 | D        | HP: 7/235 [poisoned by Rupert]
  5140 | D        | HP: 1/235 [poisoned by Rupert]
  5141 | D        | Succumbed to Rupert's poison

Illustrated notes

Levels and vault maps discovered:
D:        linesprint [early_d, line_temple, items_1, d_10, items_2, lair_1,
          lair_end, items_3, orc_1, orc_end, items_4, d_15, swamp_1, shoals_1,
          snake_1, spider_1, d_20, vaults_1, items_5, swamp_end, shoals_end,
          snake_end, spider_end, vaults_end, d_27, items_6, zot_1, zot_end,
          crypt_end, forest_end, elf_end, slime_end, tomb_end, abyss_end,
          pan_hell_end]

Skill      XL: |  1  2  3  4  5  6  7  8  9 10 11 12 13 |
---------------+----------------------------------------+-----
Fighting       | 7 8 10 11 12 14 16 18 20 23 26 | 26.9
Long Blades    | 7 8 11 12 14 16 17 20 23 26 27 | 27.0
Armour         | 3 4 5 7 8 10 11 14 18 | 18.7
Dodging        | 3 4 6 7 9 10 11 12 | 12.8
Stealth        | 2 3 4 |  4.1

Action                   |  1- 3 |  4- 6 |  7- 9 | 10-12 | 13-15 || total
-------------------------+-------+-------+-------+-------+-------++-------
Melee: Falchion          |    15 |    23 |    41 |       |       ||    79
       Headbutt          |     4 |     3 |    15 |    33 |    25 ||    80
       Punch             |       |       |     2 |       |       ||     2
       Scimitar          |       |       |    18 |     8 |       ||    26
       Triple sword      |       |       |       |   190 |   120 ||   310
Invok: Berserk           |     1 |     1 |     2 |     8 |     5 ||    17
       Brothers in Arms  |       |       |     1 |     1 |       ||     2
       Trog's Hand       |       |       |       |     1 |       ||     1
  Use: Potion            |       |       |     3 |     1 |       ||     4
       Scroll            |       |       |     2 |     6 |       ||     8
Armor: Animal skin       |     1 |     1 |       |       |       ||     2
       Ring mail         |       |     2 |    17 |    16 |       ||    35
       Plate armour      |       |       |       |    24 |    45 ||    69
Dodge: Dodged            |     4 |     5 |    20 |    69 |    53 ||   151
